Map: Neon Violet Square LE

Players

MrMental

  • Race: Protoss Protoss
  • League: Gold
  • Spawn Location: 5:00

Cyanide - Winner!

  • Race: Protoss Protoss
  • League: Platinum
  • Spawn Location: 11:00

VOD

Have the link to the VOD?

Description

Time

  • Played on: March 8, 2018, 11:27 p.m.
  • Length: 11:50
Show
View Real Time Build Order
Export as new Build Order

MrMental Protoss 

Build Orders: 1 Gate Expand 

Get SALT Encoding   

  12  0:01  Probe  
  13  0:14  Pylon  
  13  0:18  Probe  
  14  0:30  Probe  
  15  0:37  Gateway  
  15  0:42  Probe (Chrono Boost)  
  16  0:48  Assimilator  
  16  0:54  Probe (Chrono Boost)  
  17  1:03  Probe (Chrono Boost)  
  18  1:09  Probe  
  19  1:21  Probe (Chrono Boost)  
  20  1:32  Probe (Chrono Boost)  
  21  1:34  Nexus  
  21  1:45  Pylon  
  21  1:52  Cybernetics Core  
  21  1:58  Probe (Chrono Boost)  
  22  2:04  Assimilator  
  22  2:10  Probe (Chrono Boost)  
  23  2:18  Probe (Chrono Boost)  
  23  2:19  Pylon  
  24  2:25  Probe  
  24  2:28  Warp Gate  
  25  2:37  Probe  
  26  2:40  Stalker  
  28  2:49  Probe  
  29  2:51  Robotics Facility  
  29  2:55  Probe  
  30  2:59  Assimilator  
  30  3:01  Probe  
  31  3:08  Probe  
  32  3:13  Probe  
  32  3:14  Stalker  
  35  3:20  Probe  
  35  3:25  Probe  
  37  3:31  Gateway  
  37  3:39  Twilight Council  
  37  3:41  Probe  
  37  3:42  Probe  
  39  3:49  Observer  
  39  3:53  Probe  
  39  3:54  Probe  
  42  4:03  Stalker  
  44  4:11  Pylon, Observer  
  45  4:18  Forge  
  45  4:20  Charge  
  45  4:31  Gateway  
  45  4:33  Gateway  
  45  4:37  Probe x2  
  47  4:40  Assimilator  
  47  4:41  Pylon  
  47  4:49  Probe (Chrono Boost)  
  47  4:52  Probe (Chrono Boost)  
  46  4:58  Zealot  
  44  5:01  Immortal, Probe (Chrono Boost)  
  44  5:05  Probe (Chrono Boost)  
  47  5:08  Stalker  
  47  5:13  Probe (Chrono Boost)  
  47  5:23  Probe (Chrono Boost)  
  45  5:31  Probe (Chrono Boost)  
  45  5:32  Probe (Chrono Boost)  
  42  5:38  Protoss Ground Weapons Level 1  
  42  5:39  Probe (Chrono Boost)  
  42  5:40  Photon Cannon  
  39  5:43  Probe (Chrono Boost)  
  40  5:54  Probe x2 (Chrono Boost)  
  41  5:57  Pylon  
  41  5:58  Probe (Chrono Boost)  
  41  6:01  Probe  
  43  6:16  Zealot x2  
  47  6:21  Blink  
  47  6:22  Probe x2  
  49  6:34  Probe x2  
  51  6:44  Shield Battery  
  51  6:46  Probe (Chrono Boost)  
  53  6:48  Probe (Chrono Boost)  
  53  6:58  Probe (Chrono Boost)  
  55  7:02  Zealot x2  
  55  7:04  Probe (Chrono Boost)  
  55  7:05  Zealot  
  61  7:10  Probe  
  61  7:13  Photon Cannon  
  62  7:17  Zealot  
  62  7:21  Probe  
  66  7:22  Probe  
  66  7:32  Observer  
  66  7:33  Probe  
  68  7:45  Probe x2  
  68  7:47  Zealot  
  68  7:48  Zealot x2  
  76  7:58  Probe (Chrono Boost)  
  78  8:00  Probe (Chrono Boost)  
  78  8:16  Templar Archives  
  78  8:28  Pylon  
  78  8:31  Pylon  
  78  8:32  Pylon  
  78  8:41  Probe  
  78  8:46  Immortal, Shield Battery, Probe  
  83  8:49  Shield Battery  
  83  8:53  Stalker  
  83  8:54  Stalker  
  87  8:56  Nexus  
  87  9:00  Psionic Storm  
  87  9:23  Gateway  
  87  9:26  Immortal  
  87  9:30  Stargate  
  91  9:32  Pylon  
  91  9:37  High Templar x2  
  95  9:38  High Templar  
  95  9:39  High Templar  
  95  9:43  Archon  
  95  9:44  Archon  
  99  9:52  Assimilator  
  99  9:53  Pylon  
  99  9:55  Pylon  
  99  10:05  Immortal  
  103  10:09  Forge  
  103  10:11  High Templar  
  103  10:12  High Templar  
  107  10:16  Archon  
  107  10:19  High Templar x2  
  111  10:23  Archon  
  111  10:30  Phoenix  
  113  10:35  Pylon  
  113  10:42  Probe (Chrono Boost)  
  115  10:43  Probe (Chrono Boost)  
  115  10:44  Probe (Chrono Boost)  
  115  10:45  High Templar  
  115  10:46  High Templar  
  115  10:47  High Templar  
  122  10:51  High Templar  
  122  10:52  Archon  
  122  10:53  Probe (Chrono Boost)  
  122  10:54  Probe x2 (Chrono Boost)  
  122  10:55  Archon  
  127  11:01  Phoenix  
  127  11:03  High Templar  
  131  11:09  Immortal  
  135  11:23  Gateway  
  135  11:24  High Templar  
  135  11:25  High Templar, Gateway  
  131  11:26  Photon Cannon  
  131  11:28  Photon Cannon  
  107  11:34  Zealot  
  107  11:35  Zealot  
  101  11:43  Stalker  
Show
View Real Time Build Order
Export as new Build Order

Cyanide Protoss - Winner!

Build Orders:  

Get SALT Encoding   

  12  0:02  Probe  
  13  0:14  Probe  
  14  0:23  Pylon  
  14  0:26  Probe  
  15  0:41  Probe (Chrono Boost)  
  16  0:45  Assimilator  
  16  0:47  Gateway  
  16  0:53  Probe (Chrono Boost)  
  17  1:01  Pylon, Probe (Chrono Boost)  
  18  1:07  Probe  
  19  1:28  Probe  
  20  1:35  Cybernetics Core  
  20  1:40  Probe  
  20  1:41  Assimilator  
  21  1:52  Probe  
  22  2:07  Warp Gate (Chrono Boost)  
  22  2:20  Adept, Gateway  
  24  2:23  Pylon  
  24  2:29  Probe  
  25  2:41  Probe  
  26  2:44  Nexus  
  26  2:49  Adept  
  28  2:52  Pylon  
  30  3:17  Adept (Chrono Boost)  
  30  3:19  Adept (Chrono Boost)  
  32  3:22  Probe  
  33  3:34  Probe  
  33  3:39  Pylon  
  33  3:50  Gateway  
  33  3:55  Robotics Facility  
  33  3:56  Probe (Chrono Boost)  
  34  4:06  Probe (Chrono Boost)  
  35  4:11  Probe (Chrono Boost)  
  35  4:16  Twilight Council  
  36  4:20  Probe (Chrono Boost)  
  36  4:23  Probe (Chrono Boost)  
  38  4:26  Assimilator  
  38  4:30  Assimilator  
  40  4:32  Probe (Chrono Boost)  
  40  4:33  Probe (Chrono Boost)  
  40  4:35  Pylon  
  40  4:37  Probe (Chrono Boost)  
  40  4:41  Probe  
  42  4:49  Probe  
  43  4:53  Probe  
  36  5:59  Stalker x2  
  40  6:05  Gateway  
  40  6:06  Blink (Chrono Boost), Gateway  
  40  6:08  Gateway  
  40  6:09  Observer (Chrono Boost)  
  40  6:10  Pylon  
  41  6:12  Shield Battery x2  
  42  6:19  Probe (Chrono Boost)  
  42  6:22  Probe (Chrono Boost)  
  42  6:23  Immortal (Chrono Boost)  
  47  6:26  Zealot  
  47  6:27  Sentry, Zealot  
  47  6:31  Probe (Chrono Boost)  
  54  6:36  Probe (Chrono Boost)  
  55  6:55  Robotics Bay  
  55  6:59  Pylon  
  55  7:02  Pylon  
  55  7:06  Nexus  
  55  7:10  Stalker x4  
  55  7:11  Stalker  
  55  7:12  Assimilator  
  55  7:13  Zealot  
  55  7:15  Assimilator  
  67  7:18  Immortal (Chrono Boost)  
  67  7:19  Pylon  
  71  7:29  Forge  
  71  7:31  Forge  
  71  7:36  Probe (Chrono Boost)  
  72  7:40  Zealot x2  
  72  7:42  Sentry  
  78  7:46  Probe (Chrono Boost)  
  78  7:48  Pylon  
  78  7:51  Extended Thermal Lance (Chrono Boost), Probe (Chrono Boost)  
  79  7:53  Pylon  
  80  8:05  Colossus  
  86  8:10  Protoss Ground Weapons Level 1 (Chrono Boost)  
  86  8:13  Protoss Ground Armor Level 1 (Chrono Boost)  
  86  8:18  Probe (Chrono Boost)  
  88  8:28  Probe (Chrono Boost)  
  88  8:33  Probe (Chrono Boost)  
  90  8:55  Probe  
  90  9:00  Pylon  
  90  9:02  Colossus (Chrono Boost)  
  90  9:03  Pylon  
  96  9:10  Stalker x3  
  96  9:11  Stalker x3  
  108  9:44  Warp Prism  
  110  9:46  Nexus  
  110  9:49  Pylon  
  110  10:10  Pylon  
  110  10:12  Pylon  
  110  10:19  Colossus  
  115  10:39  Zealot x6  
  127  11:05  Stalker x3  
  127  11:06  Stalker x3  
  133  11:29  Stalker x5  
  133  11:30  Stalker  
Tags
 
Add a new tag
Caveats
  • Supply blocks, unpowered buildings, or Contaminate may cause inaccurate times.
  • Supply counts are checked every 10 seconds.